 Dungeon Crawl Stone Soup version 0.30-b1-5-g8e6c1be481 (webtiles) character file.

Game seed: 5110695731013625283

9 Sweeb the Slasher (level 2, -2/17 HPs)
             Began as a Tengu Gladiator on May 4, 2023.
             Succumbed to an adder's poison
             ... on level 2 of the Dungeon.
             The game lasted 00:00:39 (483 turns).

Sweeb the Slasher (Tengu Gladiator)                  Turns: 483, Time: 00:00:40

Health: -2/17      AC:  5    Str: 14    XL:     2   Next: 12%
Magic:  3/3        EV:  9    Int:  8    God:
Gold:   37         SH:  0    Dex: 15    Spells: 1/1 levels left

rFire   . . .        a - +0 long sword
rCold   . . .        (no shield)
rNeg    . . .        g - +0 ring mail
rPois   .            c - +0 hat
rElec   .            (no cloak)
rCorr   .            (no gloves)
SInv    .            (boots unavailable)
Will    .....        (no amulet)
Stlth   +            (no ring)
HPRegen 0.22/turn    (no ring)
MPRegen 0.08/turn

%: no passive effects
@: lethally poisoned (-2 -> -11), constricted
A: beak, talons 3
a: no special abilities


You were on level 2 of the Dungeon.
You visited 1 branch of the dungeon, and saw 2 of its levels.

You collected 37 gold pieces.

Inventory:

Hand Weapons
 a - a +0 long sword (weapon)
Missiles
 d - 3 throwing nets (quivered)
 e - a javelin
Armour
 b - a +0 leather armour
 c - a +0 hat (worn)
 g - a +0 ring mail (worn)
Jewellery
 j - a ring of flight
Scrolls
 f - a scroll of amnesia {unknown}
 h - a scroll of teleportation {unknown}
 i - 2 scrolls of identify {unknown}


   Skills:
 + Level 2.0 Fighting
 * Level 3.6 Long Blades
 - Level 2.0 Throwing
 + Level 3.6 Dodging


You had one spell level left.
You didn't know any spells.
Your spell library was empty.

Dungeon Overview and Level Annotations

Branches:
Dungeon (2/15)

Altars:


Innate Abilities, Weirdness & Mutations

You have a beak for a mouth.
You have claws for feet.


Message History

You kill the dart slug!
You have reached level 2!
Found a stone staircase leading down.
Found a leather armour.
An adder and a ball python come into view.
The adder hisses angrily.
There are monsters nearby!
You hit the adder but do no damage. You claw the adder.
The adder is moderately wounded.
The adder misses you. The ball python bites you.
The ball python barely misses you. The adder closely misses you.
You completely miss the adder. Your kick misses the adder.
Your peck misses the adder.
The adder is moderately wounded.
The ball python closely misses you. The ball python grabs you.
The ball python constricts you. The adder bites you.
You are poisoned.
The adder poisons you! The ball python barely misses you.
The ball python constricts you.
You hit the adder but do no damage. Your kick misses the adder.
Your peck misses the adder.
The adder is moderately wounded.
You feel sick. The adder completely misses you.
The ball python barely misses you. The ball python constricts you.
The adder bites you.
You hit the adder. Your kick misses the adder.
You peck the adder, but do no damage.
The adder is heavily wounded.
* * * LOW HITPOINT WARNING * * *
You feel sick. The adder bites you.
* * * LOW HITPOINT WARNING * * *
The ball python barely misses you. The ball python constricts you.
* * * LOW HITPOINT WARNING * * *
The adder bites you.
* * * LOW HITPOINT WARNING * * *
You are more poisoned.
The adder poisons you!
You barely miss the adder. Your kick misses the adder. You peck the adder.
You kill the adder!
You die...

#...##.........
#........###.##..^......
.......... #.##.........
.......... #)#..........
#..[.....# #.#..........
#........###.#..........
...>......##.#.#########
......S†..##.#.# #.....
#......@.# #.#.# #.####
##..##..## #.#.# #.#
##..# #.#.####.# ##.#
#.#....#.#
##.###'####.#.#
#.........#.#.###
#.......†.#.#...#
#.........#.###.#
#.........#.# #.#


You could see a ball python.

Vanquished Creatures
  An adder (D:2)
  A dart slug (D:2)
  2 bats (D:2)
  An endoplasm (D:1)
  A goblin (D:1)
  A kobold (D:1)
7 creatures vanquished.

Notes
Turn   | Place    | Note
-------+----------+-------------------------------------------
     0 | D:1      | Sweeb the Tengu Gladiator began the quest for the Orb.
     0 | D:1      | Reached XP level 1. HP: 12/12 MP: 2/2
     0 | D:1      | Noticed an ice dragon
     1 | D:1      | Noticed a white draconian
     2 | D:1      | Noticed a large abomination
     2 | D:1      | Noticed a large abomination
     3 | D:1      | Noticed a purple draconian
     5 | D:1      | Noticed a purple draconian
     6 | D:1      | Noticed a tentacled monstrosity
     7 | D:1      | Noticed an iron dragon
     8 | D:1      | Noticed a shadow dragon
    10 | D:1      | Noticed an iron dragon
    12 | D:1      | Noticed a shadow dragon
    12 | D:1      | Noticed a purple draconian
    14 | D:1      | Noticed an orb of fire
    14 | D:1      | Noticed a tentacled monstrosity
    16 | D:1      | Noticed a tentacled monstrosity
    16 | D:1      | Noticed an iron dragon
    18 | D:1      | Noticed an iron dragon
    20 | D:1      | Noticed an ice dragon
   248 | D:1      | You fall into a shaft and drop 1 floor!
   469 | D:2      | Reached XP level 2. HP: 17/17 MP: 3/3
   483 | D:2      | Succumbed to an adder's poison

Illustrated notes

Levels and vault maps discovered:
D:1:      shiori_arrival_whats_in_store_for_you, layout_basic, serial_shops,
          nicolae_shop_trees
D:2:      layout_basic, st_stairs_5, uniq_crazy_yiuf_cottage

Action                     || total
---------------------------++-------
  Melee: Long sword        ||    14
         Kick              ||     4
         Peck              ||     3
 Armour: Ring mail         ||     3
         Leather armour    ||     1
  Dodge: Dodged            ||    15
